Map: Orbital Shipyard

Players

wabbajack - Winner!

  • Race: Zerg Zerg
  • League: Grandmaster

DuncanIdaho

  • Race: Terran Terran
  • League: Silver

VOD

Have the link to the VOD?

Description

Time

  • Played on: July 15, 2015, 4:22 p.m.
  • Length: 14:46
Show
View Real Time Build Order
Export as new Build Order

wabbajack Zerg - Winner!

Build Orders: Hatch First, Lurkers 

Get SALT Encoding   

  12  0:01  Drone  
  13  0:18  Overlord  
  13  0:20  Drone  
  14  0:24  Extractor  
  14  0:25  Drone  
  15  0:49  Hatchery  
  14  0:54  Drone x2  
  16  0:57  Drone  
  16  1:01  Extractor  
  16  1:06  Drone  
  17  1:19  Drone  
  17  1:25  Spawning Pool  
  17  1:32  Drone  
  18  1:39  Drone  
  19  1:48  Overlord  
  19  2:08  Drone x2  
  21  2:12  Queen x2  
  21  2:13  Metabolic Boost  
  25  2:16  Zergling x2  
  25  2:19  Zergling x2  
  27  2:26  Drone x2  
  29  2:40  Drone x2  
  29  2:43  Roach Warren  
  30  3:04  Overlord  
  30  3:05  Overlord  
  30  3:26  Roach  
  38  3:27  Roach x7  
  46  3:34  Overlord  
  50  3:41  Roach x2  
  50  3:44  Overlord  
  50  4:13  Zergling x4  
  50  4:14  Zergling x4  
  50  4:15  Zergling x4  
  56  4:17  Overlord  
  56  4:29  Zergling x2  
  56  4:30  Zergling x22  
  68  4:47  Lair  
  68  4:49  Overlord  
  46  5:57  Hydralisk Den  
  46  5:59  Drone x12  
  53  6:05  Extractor  
  53  6:10  Hatchery  
  51  6:23  Pneumatized Carapace  
  51  6:30  Drone  
  51  6:31  Drone x3, Extractor  
  55  6:32  Drone  
  55  6:33  Drone x2, Overlord x2  
  55  6:34  Lurker Den  
  57  6:40  Evolution Chamber x2  
  57  6:45  Queen  
  57  6:48  Hatchery  
  56  6:58  Overseer  
  56  7:16  Drone x4  
  56  7:17  Drone, Extractor  
  56  7:18  Drone x2  
  56  7:20  Hydralisk x3  
  56  7:21  Hydralisk  
  66  7:41  Queen  
  68  7:52  Hydralisk x4, Roach  
  68  7:53  Roach x4  
  68  7:58  Drone  
  87  7:59  Drone x2  
  89  8:07  Overlord x2  
  89  8:15  Extractor  
  89  8:18  Zerg Missile Weapons Level 1, Zerg Ground Armor Level 1  
  88  8:33  Drone x3  
  91  8:35  Drone x2  
  91  8:36  Drone x6  
  91  8:37  Drone x3, Extractor  
  101  8:42  Drone x2  
  101  8:43  Overlord  
  101  8:47  Queen  
  105  9:00  Muscular Augments  
  105  9:03  Lurker x3  
  102  9:22  Hydralisk  
  102  9:23  Hydralisk x6  
  114  9:37  Overlord x4  
  114  9:42  Glial Reconstitution  
  114  9:46  Queen  
  114  10:08  Overseer x2  
  114  10:09  Hydralisk x2  
  114  10:10  Hydralisk x5, Roach x4  
  114  10:11  Roach x4  
  114  10:13  Overlord x2  
  92  11:04  Hydralisk x2  
  92  11:05  Spire, Hydralisk x7  
  92  11:06  Hydralisk x4  
  115  11:49  Spore Crawler, Spine Crawler  
  115  11:50  Spore Crawler  
  112  12:12  Hatchery  
  111  12:18  Zerg Flyer Weapons Level 1  
  111  12:20  Corruptor  
  111  12:21  Corruptor x10  
  111  12:22  Hatchery  
  132  12:25  Hatchery  
  132  12:27  Hatchery  
  132  12:29  Zergling x12  
  140  12:30  Zergling x12  
  142  12:44  Overlord x2  
  142  13:00  Lurker x3  
  142  13:01  Overlord x3, Lurker  
  142  13:02  Overlord  
  143  13:16  Spore Crawler  
  143  13:17  Spore Crawler  
  143  13:19  Spine Crawler  
Show
View Real Time Build Order
Export as new Build Order

DuncanIdaho Terran 

Build Orders: Command Center First (CC) 

Get SALT Encoding   

  12  0:01  SCV  
  13  0:13  SCV  
  14  0:26  SCV  
  15  0:34  Supply Depot, Refinery  
  15  0:57  Command Center  
  15  1:02  SCV  
  16  1:13  Barracks  
  16  1:15  SCV  
  17  1:23  Refinery  
  17  1:27  SCV  
  18  1:42  SCV  
  19  1:54  Refinery  
  19  1:55  Barracks  
  20  2:03  Supply Depot  
  19  2:09  Orbital Command  
  19  2:15  Marine  
  20  2:27  Orbital Command  
  20  2:36  Marine  
  21  2:39  SCV  
  22  2:45  Barracks Tech Lab  
  22  2:51  SCV  
  23  2:55  SCV  
  24  3:03  SCV  
  24  3:05  Factory  
  24  3:07  SCV  
  25  3:17  Bunker  
  25  3:18  SCV, Barracks Reactor  
  26  3:25  SCV, Stimpack  
  26  3:26  Marine  
  28  3:30  SCV  
  29  3:36  Engineering Bay  
  29  3:37  SCV  
  30  3:42  SCV  
  30  3:46  Marine  
  32  3:51  SCV, Armory  
  32  3:55  Factory Tech Lab  
  33  3:56  SCV, Starport  
  33  3:58  Marine x2  
  36  4:06  Marine  
  37  4:10  SCV x2  
  37  4:12  Terran Infantry Weapons Level 1  
  37  4:15  Supply Depot  
  37  4:16  Supply Depot  
  39  4:19  Marine x2  
  39  4:23  SCV x2  
  43  4:27  Marine  
  43  4:29  Widow Mine  
  46  4:37  SCV x2  
  48  4:39  Marine x2  
  48  4:40  Liberator  
  50  4:50  SCV x2  
  54  5:02  SCV  
  54  5:05  Marine x2  
  57  5:08  Marauder  
  59  5:15  SCV x2  
  59  5:16  Factory Tech Lab  
  59  5:21  Barracks  
  61  5:23  Command Center  
  57  5:40  SCV  
  57  5:41  SCV  
  57  5:42  Marine x2  
  39  5:52  Marine  
  32  5:59  Marine  
  32  6:02  SCV x2  
  33  6:09  Liberator  
  33  6:12  Marine x2  
  33  6:14  SCV  
  33  6:17  Marine  
  33  6:18  SCV  
  38  6:27  SCV  
  42  6:33  Marine x2  
  42  6:35  Marine  
  45  6:43  SCV x2, Refinery  
  45  6:45  Refinery  
  47  6:50  Widow Mine  
  49  6:55  SCV  
  49  6:57  SCV  
  49  6:59  Marine x2  
  49  7:00  Marine  
  49  7:01  Command Center  
  54  7:08  SCV  
  55  7:09  SCV  
  55  7:12  Medivac  
  58  7:18  Orbital Command  
  58  7:20  SCV  
  58  7:21  SCV  
  56  7:35  Unknown  
  56  7:42  SCV x2  
  58  7:49  Missile Turret, Liberator  
  57  7:58  Marine  
  57  8:03  Orbital Command  
  57  8:04  Marine x2  
  60  8:07  SCV x2  
  60  8:11  Barracks Tech Lab  
  65  8:26  SCV x2  
  67  8:29  Marine x2  
  67  8:30  Marauder x2  
  73  8:48  SCV x2  
  73  8:50  Terran Infantry Weapons Level 2, Orbital Command  
  73  8:54  Engineering Bay  
  75  8:56  Concussive Shells  
  75  8:59  SCV  
  74  9:11  SCV  
  67  9:23  SCV  
  65  9:28  Liberator  
  65  9:31  SCV x3  
  64  9:35  SCV  
  64  9:38  Marine x2  
  67  9:39  Marauder x2  
  67  9:43  SCV x2  
  67  9:44  Siege Tank  
  79  9:46  SCV  
  79  9:48  SCV  
  80  10:03  Marine x2  
  80  10:04  Marauder x2  
  86  10:11  Barracks  
  86  10:12  Barracks  
  86  10:19  SCV x2, Starport  
  86  10:20  Marine  
  86  10:21  Marine  
  89  10:25  Marauder  
  86  10:38  Marine x2  
  87  10:46  Marauder  
  75  10:58  Marine  
  75  10:59  Marauder, Marine  
  75  11:07  Marine  
  75  11:08  SCV x2  
  76  11:11  Refinery  
  76  11:12  Barracks Reactor, Refinery  
  76  11:13  Barracks Reactor  
  76  11:16  Starport Reactor, Marine x2  
  76  11:19  Barracks  
  76  11:20  Barracks, Marine  
  75  11:32  SCV x2  
  77  11:42  SCV  
  77  11:44  SCV, Marauder x2  
  77  11:46  Cyclone  
  81  11:47  SCV  
  81  11:49  Terran Infantry Weapons Level 3  
  81  11:52  Terran Infantry Armor Level 1  
  81  11:54  SCV  
  83  12:01  SCV x2  
  85  12:02  Liberator  
  85  12:03  Marine x3  
  85  12:04  Marine  
  92  12:23  Barracks Tech Lab  
  92  12:27  Refinery x2  
  92  12:28  Supply Depot  
  92  12:29  Supply Depot x3  
  92  12:30  Medivac x2, Widow Mine  
  92  12:32  Supply Depot  
  92  12:34  Supply Depot, Orbital Command  
  92  12:36  Missile Turret  
  98  12:38  Marauder, Marine x3  
  98  12:39  Marauder  
  98  12:40  SCV x3  
  108  12:55  SCV x3  
  111  13:03  Liberator  
  111  13:04  SCV  
  110  13:12  SCV  
  110  13:13  SCV  
  110  13:17  Marine  
  110  13:18  Marauder, Marine x2  
  110  13:19  Siege Tank, Marauder x2  
  123  13:20  Medivac x2  
Tags
 
Add a new tag
Caveats
  • Supply blocks, unpowered buildings, or Contaminate may cause inaccurate times.
  • Supply counts are checked every 10 seconds.